Oilers vs Predators

Created - December 12, 2016 at 17:50

Goals
1 2 3 T
Oilers 1 0 4 5
Predators 0 0 1 1
Shots
1 2 3 T
Oilers 7 10 17 34
Predators 7 11 12 30

1st period

1. Oilers , Marco Scandella 2 (Brian Campbell, Brad Marchand) at 8:56 (PP)

Penalties :
Steven Stamkos (NSH) for Holding (Minor) at 0:49, Derick Brassard (NSH) for Tripping (Minor) at 7:15, Blake Wheeler (EDM) for Slashing (Minor) at 15:39

2nd period

No Goal

Penalties :
Steven Stamkos (NSH) for Roughing (Minor) at 0:19, Marco Scandella (EDM) for Spearing (Major / Game Misconduct) at 8:03

3rd period

2. Predators , Nicklas Backstrom 7 (Vincent Trocheck) at 1:51 (PP)
3. Oilers , Alex Petrovic 3 (Blake Wheeler, Brad Marchand) at 9:50 (PP)
4. Oilers , Justin Williams 11 (Jannik Hansen, Bo Horvat) at 13:20 (PP)
5. Oilers , Matt Read 4 (Justin Williams) at 14:59
6. Oilers , Matt Read 5 (Justin Williams, Mattias Ekholm) at 18:32

Penalties :
Martin Jones (EDM) for Slashing (Minor) at 1:25 - Alex Petrovic served the penalty., Joe Colborne (NSH) for Diving (Minor) at 4:45, Jordie Benn (NSH) for Roughing (Minor) at 9:19, Roman Josi (NSH) for Holding Stick (Minor) at 10:34, Jordie Benn (NSH) for Hooking (Minor) at 11:25

Goalie Stats

Martin Jones (EDM), 29 saves from 30 shots - (0.967), W, 24-5-0, 60:00 minutes
Pekka Rinne (NSH), 29 saves from 34 shots - (0.853), L, 14-11-3, 60:00 minutes

Players Stats for Oilers

Player Name              G  A  P  +/- PIM S  H  SB GA TA FO     MP     PP MP  PK MP  
------------------------------------------------------------------------------------
Aleksander Barkov        0  0  0   0  0   4  1  0  0  0  19/36  22:25   6:01   0:55 
Alex Petrovic            1  0  1   1  0   1  1  3  0  0  0/0    20:22   3:14   1:38 
Blake Wheeler            0  1  1   0  2   6  1  0  0  0  0/0    21:29   6:01   0:00 
Bo Horvat                0  1  1   0  0   3  1  2  0  0  19/28  18:59   4:54   0:00 
Brad Marchand            0  2  2   0  0   6  2  0  0  0  1/2    22:18   6:01   2:50 
Brian Campbell           0  1  1   0  0   1  0  0  0  0  0/0    23:30   5:33   2:32 
Dominic Moore            0  0  0   0  0   0  1  0  0  0  2/5     3:39   0:00   3:39 
Jannik Hansen            0  1  1   0  0   5  0  3  0  0  0/0    18:59   4:54   0:00 
Jay Beagle               0  0  0   2  0   1  2  0  0  0  5/12   14:57   0:00   2:50 
Justin Williams          1  2  3   2  0   2  0  0  0  0  2/3    16:20   4:54   0:00 
Marc-Edouard Vlasic      0  0  0   0  0   1  1  3  0  0  0/0    25:21   5:12   3:37 
Marco Scandella          1  0  1   0  15  1  0  0  0  0  0/0    10:12   2:29   0:59 
Matt Read                2  0  2   2  0   3  1  0  0  0  0/0    13:02   0:00   0:55 
Matthew Nieto            0  0  0   0  0   0  0  0  0  0  0/0     0:00   0:00   0:00 
Mattias Ekholm           0  1  1   2  0   0  1  0  0  0  0/0    22:55   5:22   3:38 
Michael Grabner          0  0  0   0  0   0  0  0  0  0  2/2    18:25   0:00   3:39 
Nicklas Grossmann        0  0  0   1  0   0  2  3  0  0  0/0    17:39   0:00   2:24 
Scottie Upshall          0  0  0   0  0   0  0  0  0  0  0/0     2:02   0:00   0:00 

Players Stats for Predators

Player Name              G  A  P  +/- PIM S  H  SB GA TA FO     MP     PP MP  PK MP  
------------------------------------------------------------------------------------
Cody Franson             0  0  0   0  0   0  0  0  0  0  0/0     2:56   0:00   0:00 
Derick Brassard          0  0  0   0  2   2  1  0  0  0  0/0    15:39   0:00   0:00 
J.T. Miller              0  0  0   0  0   0  1  0  0  0  1/4     5:22   0:49   3:07 
Jaden Schwartz           0  0  0  -1  0   3  0  1  0  0  2/3    19:47   3:29   6:26 
Joe Colborne             0  0  0  -1  2   1  0  0  0  0  0/3    15:14   3:29   0:28 
John Moore               0  0  0   0  0   1  2  3  0  0  0/0    12:03   0:20   1:00 
Jordie Benn              0  0  0  -1  4   0  1  4  0  0  0/0    20:19   3:25   4:16 
Kevin Hayes              0  0  0   0  0   4  1  0  0  0  0/0    16:13   0:16   0:17 
Klas Dahlbeck            0  0  0   0  0   0  4  3  0  0  0/0    19:19   3:39   5:38 
Magnus Paajarvi          0  0  0   0  0   0  0  0  0  0  0/0     1:37   1:09   0:28 
Max Pacioretty           0  0  0   0  0   3  1  0  0  0  6/14   15:40   0:00   0:00 
Nicklas Backstrom        1  0  1  -1  0   2  2  0  0  0  12/25  18:22   3:39   0:00 
Roman Josi               0  0  0  -1  2   0  0  0  0  0  0/0    16:40   0:20   0:17 
Steven Stamkos           0  0  0  -1  4   6  2  0  0  0  1/9    22:19   3:10   3:02 
Vincent Trocheck         0  1  1  -1  0   2  3  0  0  0  14/26  16:59   3:06   4:01 
Vladislav Namestnikov    0  0  0  -1  0   5  0  0  0  0  2/4    20:41   3:05   2:53 
Zach Bogosian            0  0  0  -1  0   0  1  1  0  0  0/0    25:48   3:25   6:48 
Zbynek Michalek          0  0  0  -1  0   1  2  1  0  0  0/0    22:52   3:39   3:50 

3 Stars

1 - Matt Read (EDM)
2 - Justin Williams (EDM)
3 - Martin Jones (EDM)

Power Play

Oilers - 3 on 7 Attempt(s) - 42.86%
Predators - 1 on 3 Attempt(s) - 33.33%

Penalty Kill

Oilers - 2 on 3 Attempt(s) - 66.67% - Score 0 goal in Penalty Kill
Predators - 4 on 7 Attempt(s) - 57.14% - Score 0 goal in Penalty Kill

Team Stat

Oilers - Hits : 14 - Faceoff Wins : 50 - Blocked Shots : 14 - Penalty Minutes : 19
Predators - Hits : 21 - Faceoff Wins : 38 - Blocked Shots : 13 - Penalty Minutes : 14

Official

Referees : Graham Skiliter and Jean Hebert
Linesman : Brian Murphy and Vaughan Rody

Game Notes

Marco Scandella ejected from game at 8:03 of 2nd period

Finance

Level 1 -- Attendance: 5176 (79.63%) -- Ticket Income $621,120
Level 2 -- Attendance: 4519 (90.38%) -- Ticket Income $361,520
Level 3 -- Attendance: 3075 (87.86%) -- Ticket Income $153,750
Level 4 -- Attendance: 1113 (100.00%) -- Ticket Income $46,746
Luxury Box -- Attendance: 894 (89.40%) -- Ticket Income $165,390
Game was played at the Bridgestone Arena.
Total Attendance: 14777 (86.35%)
Total Ticket Income: $1,348,526
Other Income: $202,279
Total Income: $1,550,805

% Time on Ice - Oilers

Lines # - Real PCT - Wanted PCT - Time Play
Normal Forward
1 - 32% - 35% - 13:27
2 - 34% - 32% - 14:05
3 - 29% - 27% - 12:07
4 - 5% - 6% - 2:02
Normal Defense
1 - 35% - 34% - 14:42
2 - 36% - 33% - 15:01
3 - 29% - 33% - 11:58
4 - 0% - 0% - 0:00
PP Forward
1 - 55% - 55% - 6:01
2 - 45% - 45% - 4:54
PP Defense
1 - 49% - 50% - 5:22
2 - 51% - 50% - 5:33
PK Forward
1 - 62% - 55% - 4:34
2 - 38% - 45% - 2:50
PK Defense
1 - 34% - 50% - 2:32
2 - 66% - 50% - 4:52
PK3 Forward
1 - 0% - 60%
2 - 0% - 40%
PK3 Defense
1 - 0% - 50%
2 - 0% - 50%
44 Forward
1 - 0% - 50%
2 - 0% - 50%
44 Defense
1 - 0% - 50%
2 - 0% - 50%
Last Minute Offensive  - 0:00
Last Minute Defensive  - 0:00
Total
Forward - 60:00
Defense - 60:00

% Time on Ice - Predators

Lines # - Real PCT - Wanted PCT - Time Play
Normal Forward
1 - 35% - 40% - 14:43
2 - 38% - 30% - 15:40
3 - 24% - 20% - 9:52
4 - 3% - 10% - 1:26
Normal Defense
1 - 30% - 40% - 12:39
2 - 39% - 30% - 16:04
3 - 24% - 20% - 10:02
4 - 7% - 10% - 2:56
PP Forward
1 - 49% - 60% - 3:39
2 - 51% - 40% - 3:45
PP Defense
1 - 46% - 60% - 3:25
2 - 54% - 40% - 3:59
PK Forward
1 - 71% - 60% - 6:54
2 - 29% - 40% - 2:53
PK Defense
1 - 61% - 60% - 5:57
2 - 39% - 40% - 3:50
PK3 Forward
1 - 100% - 60% - 1:08
2 - 0% - 40% - 0:00
PK3 Defense
1 - 100% - 60% - 1:08
2 - 0% - 40% - 0:00
44 Forward
1 - 0% - 60%
2 - 0% - 40%
44 Defense
1 - 0% - 60%
2 - 0% - 40%
Last Minute Offensive  - 0:00
Last Minute Defensive  - 0:00
Total
Forward - 60:00
Defense - 60:00

Play by Play

1st period


0:01 of 1st period - Nicklas Backstrom wins face-off versus Aleksander Barkov in neutral zone.
0:49 of 1st period - Minor Penalty to Steven Stamkos for Holding.
0:50 of 1st period - Bo Horvat wins face-off versus J.T. Miller in Predators zone.
0:50 of 1st period - Bo Horvat is hit by Klas Dahlbeck.
1:02 of 1st period - Shot by Marc-Edouard Vlasic.
1:02 of 1st period - Shot Misses the Net.
1:04 of 1st period - Shot by Marc-Edouard Vlasic.
1:04 of 1st period - Shot Misses the Net.
2:34 of 1st period - Shot by Jannik Hansen.
2:34 of 1st period - Shot Blocked by John Moore.
2:38 of 1st period - Shot by Justin Williams.
2:38 of 1st period - Shot Blocked by John Moore.
2:40 of 1st period - Shot by Mattias Ekholm.
2:40 of 1st period - Shot Misses the Net.
2:42 of 1st period - Shot by Mattias Ekholm.
2:42 of 1st period - Shot Blocked by Zach Bogosian.
2:57 of 1st period - Matt Read is hit by John Moore and loses puck.
3:17 of 1st period - Shot by Max Pacioretty.
3:17 of 1st period - Shot Blocked by Alex Petrovic.
3:29 of 1st period - Shot by Max Pacioretty.
3:29 of 1st period - Stopped by Martin Jones without a rebound.
3:30 of 1st period - Vladislav Namestnikov wins face-off versus Aleksander Barkov in Oilers zone.
3:45 of 1st period - Shot by Vladislav Namestnikov.
3:45 of 1st period - Shot Misses the Net.
3:47 of 1st period - Shot by Steven Stamkos.
3:47 of 1st period - Shot Misses the Net.
3:49 of 1st period - Shot by Vladislav Namestnikov.
3:49 of 1st period - Stopped by Martin Jones without a rebound.
3:50 of 1st period - Bo Horvat wins face-off versus Vincent Trocheck in Oilers zone.
3:50 of 1st period - Bo Horvat is hit by Vincent Trocheck.
4:27 of 1st period - Shot by Vincent Trocheck.
4:27 of 1st period - Shot Blocked by Bo Horvat.
4:29 of 1st period - Shot by Roman Josi.
4:29 of 1st period - Shot Blocked by Jannik Hansen.
4:31 of 1st period - Shot by Vincent Trocheck.
4:31 of 1st period - Shot Blocked by Marc-Edouard Vlasic.
5:05 of 1st period - Shot by Kevin Hayes.
5:05 of 1st period - Shot Misses the Net.
5:10 of 1st period - Icing by Mattias Ekholm.
5:11 of 1st period - Jay Beagle wins face-off versus Nicklas Backstrom in Oilers zone.
5:40 of 1st period - Shot by Steven Stamkos.
5:40 of 1st period - Stopped by Martin Jones without a rebound.
5:41 of 1st period - Max Pacioretty wins face-off versus Aleksander Barkov in Oilers zone.
5:54 of 1st period - Shot by Kevin Hayes.
5:54 of 1st period - Shot Blocked by Alex Petrovic.
6:00 of 1st period - Shot by Blake Wheeler.
6:00 of 1st period - Stopped by Pekka Rinne without a rebound.
6:01 of 1st period - Bo Horvat wins face-off versus Joe Colborne in Predators zone.
6:14 of 1st period - Shot by Steven Stamkos.
6:14 of 1st period - Deflect By J.T. Miller.
6:14 of 1st period - Shot Blocked by Jannik Hansen.
6:16 of 1st period - Shot by Steven Stamkos.
6:16 of 1st period - Shot Blocked by Bo Horvat.
7:15 of 1st period - Minor Penalty to Derick Brassard for Tripping.
7:16 of 1st period - Aleksander Barkov wins face-off versus Vladislav Namestnikov in Predators zone.
7:21 of 1st period - Shot by Aleksander Barkov.
7:21 of 1st period - Shot Misses the Net.
7:40 of 1st period - Shot by Aleksander Barkov.
7:40 of 1st period - Shot Misses the Net.
7:42 of 1st period - Shot by Blake Wheeler.
7:42 of 1st period - Stopped by Pekka Rinne without a rebound.
7:43 of 1st period - Bo Horvat wins face-off versus Vincent Trocheck in Predators zone.
8:08 of 1st period - Shot by Mattias Ekholm.
8:08 of 1st period - Shot Misses the Net.
8:32 of 1st period - Off-side.
8:33 of 1st period - Aleksander Barkov wins face-off versus Steven Stamkos in neutral zone.
8:40 of 1st period - Shot by Aleksander Barkov.
8:40 of 1st period - Stopped by Pekka Rinne without a rebound.
8:41 of 1st period - Aleksander Barkov wins face-off versus Steven Stamkos in Predators zone.
8:42 of 1st period - Shot by Blake Wheeler.
8:42 of 1st period - Stopped by Pekka Rinne without a rebound.
8:43 of 1st period - Aleksander Barkov wins face-off versus Steven Stamkos in Predators zone.
8:52 of 1st period - Shot by Brian Campbell.
8:52 of 1st period - Shot Misses the Net.
8:54 of 1st period - Shot by Marco Scandella.
8:54 of 1st period - Shot Blocked by Zbynek Michalek.
8:56 of 1st period - Shot by Marco Scandella.
8:56 of 1st period - Goal by Marco Scandella - Oilers : 1 - Predators : 0.
8:57 of 1st period - Max Pacioretty wins face-off versus Jay Beagle in neutral zone.
9:53 of 1st period - Icing by Mattias Ekholm.
9:54 of 1st period - Nicklas Backstrom wins face-off versus Aleksander Barkov in Oilers zone.
9:59 of 1st period - Shot by Steven Stamkos.
9:59 of 1st period - Stopped by Martin Jones without a rebound.
10:00 of 1st period - Aleksander Barkov wins face-off versus Nicklas Backstrom in Oilers zone.
10:40 of 1st period - Off-side.
10:41 of 1st period - Bo Horvat wins face-off versus Vincent Trocheck in neutral zone.
10:41 of 1st period - Bo Horvat is hit by Vincent Trocheck.
12:36 of 1st period - Zach Bogosian is hit by Jay Beagle and loses puck.
13:24 of 1st period - Aleksander Barkov is hit by Steven Stamkos and loses puck.
14:00 of 1st period - Mattias Ekholm is hit by John Moore and loses puck.
14:15 of 1st period - Shot by Bo Horvat.
14:15 of 1st period - Shot Misses the Net.
14:30 of 1st period - Off-side.
14:31 of 1st period - Bo Horvat wins face-off versus Max Pacioretty in neutral zone.
14:36 of 1st period - Shot by Jannik Hansen.
14:36 of 1st period - Stopped by Pekka Rinne without a rebound.
14:37 of 1st period - Bo Horvat wins face-off versus Max Pacioretty in Predators zone.
14:39 of 1st period - Jannik Hansen is hit by Zbynek Michalek and loses puck.
14:58 of 1st period - Shot by Max Pacioretty.
14:58 of 1st period - Shot Misses the Net.
15:02 of 1st period - Shot by Kevin Hayes.
15:02 of 1st period - Stopped by Martin Jones without a rebound.
15:03 of 1st period - Nicklas Backstrom wins face-off versus Justin Williams in Oilers zone.
15:20 of 1st period - Shot by Justin Williams.
15:20 of 1st period - Shot Blocked by Jordie Benn.
15:33 of 1st period - Icing by Zach Bogosian.
15:34 of 1st period - Nicklas Backstrom wins face-off versus Aleksander Barkov in Predators zone.
15:39 of 1st period - Minor Penalty to Blake Wheeler for Slashing.
15:40 of 1st period - Jaden Schwartz wins face-off versus Dominic Moore in Oilers zone.
15:41 of 1st period - Shot by Klas Dahlbeck.
15:41 of 1st period - Shot Blocked by Marc-Edouard Vlasic.
15:43 of 1st period - Shot by Zbynek Michalek.
15:43 of 1st period - Stopped by Martin Jones with a rebound.
16:37 of 1st period - Zach Bogosian is hit by Dominic Moore and loses puck.
16:54 of 1st period - Shot by Nicklas Backstrom.
16:54 of 1st period - Shot Misses the Net.
16:56 of 1st period - Shot by Nicklas Backstrom.
16:56 of 1st period - Stopped by Martin Jones with a rebound.
17:43 of 1st period - Shot by Kevin Hayes.
17:43 of 1st period - Shot Blocked by Alex Petrovic.
17:51 of 1st period - Derick Brassard is hit by Aleksander Barkov and loses puck.
18:29 of 1st period - Icing by Max Pacioretty.
18:30 of 1st period - Jay Beagle wins face-off versus Max Pacioretty in Predators zone.
18:45 of 1st period - Shot by Jay Beagle.
18:45 of 1st period - Stopped by Pekka Rinne without a rebound.
18:46 of 1st period - Nicklas Backstrom wins face-off versus Bo Horvat in Predators zone.
19:25 of 1st period - Icing by Nicklas Backstrom.
19:26 of 1st period - Nicklas Backstrom wins face-off versus Aleksander Barkov in Predators zone.
19:37 of 1st period - Shot by Steven Stamkos.
19:37 of 1st period - Shot Misses the Net.
Goals for this period are 1 for Oilers vs 0 for Predators.
Shots for this period are 7 for Oilers vs 7 for Predators.

2nd period


0:01 of 2nd period - Vladislav Namestnikov wins face-off versus Aleksander Barkov in neutral zone.
0:18 of 2nd period - Brad Marchand is hit by Nicklas Backstrom and loses puck.
0:19 of 2nd period - Minor Penalty to Steven Stamkos for Roughing.
0:20 of 2nd period - J.T. Miller wins face-off versus Bo Horvat in Predators zone.
0:55 of 2nd period - Shot by Bo Horvat.
0:55 of 2nd period - Shot Misses the Net.
0:57 of 2nd period - Shot by Bo Horvat.
0:57 of 2nd period - Deflect By Justin Williams.
0:57 of 2nd period - Stopped by Pekka Rinne with a rebound.
1:33 of 2nd period - Shot by Aleksander Barkov.
1:33 of 2nd period - Shot Misses the Net.
1:35 of 2nd period - Shot by Mattias Ekholm.
1:35 of 2nd period - Shot Misses the Net.
1:37 of 2nd period - Shot by Brad Marchand.
1:37 of 2nd period - Stopped by Pekka Rinne without a rebound.
1:38 of 2nd period - Aleksander Barkov wins face-off versus J.T. Miller in Predators zone.
1:47 of 2nd period - Shot by Aleksander Barkov.
1:47 of 2nd period - Shot Misses the Net.
2:36 of 2nd period - Shot by Derick Brassard.
2:36 of 2nd period - Deflect By Max Pacioretty.
2:36 of 2nd period - Shot Blocked by Nicklas Grossmann.
2:45 of 2nd period - Shot by Derick Brassard.
2:45 of 2nd period - Shot Misses the Net.
2:47 of 2nd period - Shot by Max Pacioretty.
2:47 of 2nd period - Shot Misses the Net.
2:49 of 2nd period - Shot by Zach Bogosian.
2:49 of 2nd period - Shot Misses the Net.
2:51 of 2nd period - Shot by Kevin Hayes.
2:51 of 2nd period - Shot Misses the Net.
2:53 of 2nd period - Shot by Kevin Hayes.
2:53 of 2nd period - Shot Blocked by Nicklas Grossmann.
2:55 of 2nd period - Shot by Max Pacioretty.
2:55 of 2nd period - Stopped by Martin Jones with a rebound.
2:57 of 2nd period - Shot by Max Pacioretty.
2:57 of 2nd period - Shot Blocked by Nicklas Grossmann.
3:25 of 2nd period - Shot by Bo Horvat.
3:25 of 2nd period - Stopped by Pekka Rinne without a rebound.
3:26 of 2nd period - Bo Horvat wins face-off versus Joe Colborne in Predators zone.
3:35 of 2nd period - Michael Grabner is hit by Vincent Trocheck and loses puck.
3:46 of 2nd period - Shot by Marco Scandella.
3:46 of 2nd period - Shot Misses the Net.
3:48 of 2nd period - Shot by Michael Grabner.
3:48 of 2nd period - Shot Blocked by Klas Dahlbeck.
3:50 of 2nd period - Shot by Jannik Hansen.
3:50 of 2nd period - Stopped by Pekka Rinne without a rebound.
3:51 of 2nd period - Nicklas Backstrom wins face-off versus Brad Marchand in Predators zone.
4:05 of 2nd period - Shot by Steven Stamkos.
4:05 of 2nd period - Stopped by Martin Jones with a rebound.
4:09 of 2nd period - Shot by Nicklas Backstrom.
4:09 of 2nd period - Shot Misses the Net.
4:31 of 2nd period - Shot by Steven Stamkos.
4:31 of 2nd period - Stopped by Martin Jones without a rebound.
4:32 of 2nd period - Vincent Trocheck wins face-off versus Bo Horvat in Oilers zone.
4:48 of 2nd period - Mattias Ekholm is hit by Jordie Benn and loses puck.
4:57 of 2nd period - Shot by Jannik Hansen.
4:57 of 2nd period - Shot Misses the Net.
4:59 of 2nd period - Shot by Mattias Ekholm.
4:59 of 2nd period - Shot Blocked by Jordie Benn.
5:26 of 2nd period - Mattias Ekholm is hit by Klas Dahlbeck and loses puck.
6:14 of 2nd period - Matt Read is hit by Klas Dahlbeck.
6:43 of 2nd period - Shot by Brad Marchand.
6:43 of 2nd period - Stopped by Pekka Rinne with a rebound.
6:45 of 2nd period - Shot by Marc-Edouard Vlasic.
6:45 of 2nd period - Shot Misses the Net.
6:51 of 2nd period - Shot by Brad Marchand.
6:51 of 2nd period - Stopped by Pekka Rinne without a rebound.
6:52 of 2nd period - Bo Horvat wins face-off versus Vincent Trocheck in Predators zone.
6:55 of 2nd period - Shot by Jannik Hansen.
6:55 of 2nd period - Stopped by Pekka Rinne without a rebound.
6:56 of 2nd period - Vincent Trocheck wins face-off versus Aleksander Barkov in Predators zone.
7:07 of 2nd period - Shot by Jaden Schwartz.
7:07 of 2nd period - Stopped by Martin Jones without a rebound.
7:08 of 2nd period - Michael Grabner wins face-off versus Nicklas Backstrom in Oilers zone.
7:33 of 2nd period - Shot by Vladislav Namestnikov.
7:33 of 2nd period - Stopped by Martin Jones without a rebound.
7:34 of 2nd period - Vincent Trocheck wins face-off versus Aleksander Barkov in Oilers zone.
7:52 of 2nd period - Jaden Schwartz is hit by Mattias Ekholm and loses puck.
8:03 of 2nd period - Shot by Joe Colborne.
8:03 of 2nd period - Stopped by Martin Jones without a rebound.
8:03 of 2nd period - Major / Game Misconduct Penalty to Marco Scandella for Spearing.
8:03 of 2nd period - Marco Scandella is ejected from game.
8:04 of 2nd period - Vincent Trocheck wins face-off versus Dominic Moore in Oilers zone.
9:30 of 2nd period - Shot by Jaden Schwartz.
9:30 of 2nd period - Shot Misses the Net.
10:02 of 2nd period - Shot by Vladislav Namestnikov.
10:02 of 2nd period - Shot Misses the Net.
10:04 of 2nd period - Shot by Zach Bogosian.
10:04 of 2nd period - Shot Misses the Net.
10:55 of 2nd period - Jordie Benn is hit by Matt Read and loses puck.
11:08 of 2nd period - Shot by J.T. Miller.
11:08 of 2nd period - Shot Misses the Net.
11:10 of 2nd period - Shot by Jordie Benn.
11:10 of 2nd period - Shot Misses the Net.
11:12 of 2nd period - Shot by Nicklas Backstrom.
11:12 of 2nd period - Shot Misses the Net.
11:14 of 2nd period - Shot by Zach Bogosian.
11:14 of 2nd period - Shot Misses the Net.
11:16 of 2nd period - Shot by Zach Bogosian.
11:16 of 2nd period - Shot Misses the Net.
11:18 of 2nd period - Shot by Nicklas Backstrom.
11:18 of 2nd period - Shot Misses the Net.
11:38 of 2nd period - Shot by Kevin Hayes.
11:38 of 2nd period - Stopped by Martin Jones without a rebound.
11:39 of 2nd period - Jaden Schwartz wins face-off versus Dominic Moore in Oilers zone.
11:42 of 2nd period - Shot by John Moore.
11:42 of 2nd period - Stopped by Martin Jones without a rebound.
11:43 of 2nd period - Vincent Trocheck wins face-off versus Jay Beagle in Oilers zone.
12:31 of 2nd period - Off-side.
12:32 of 2nd period - Dominic Moore wins face-off versus Jaden Schwartz in neutral zone.
13:25 of 2nd period - Shot by Blake Wheeler.
13:25 of 2nd period - Stopped by Pekka Rinne without a rebound.
13:26 of 2nd period - Justin Williams wins face-off versus Max Pacioretty in Predators zone.
13:53 of 2nd period - Shot by Justin Williams.
13:53 of 2nd period - Shot Misses the Net.
13:55 of 2nd period - Shot by Jay Beagle.
13:55 of 2nd period - Shot Blocked by John Moore.
13:57 of 2nd period - Shot by Justin Williams.
13:57 of 2nd period - Deflect By Jay Beagle.
13:57 of 2nd period - Shot Misses the Net.
14:16 of 2nd period - Shot by Aleksander Barkov.
14:16 of 2nd period - Shot Hit the Post.
14:18 of 2nd period - Shot by Brian Campbell.
14:18 of 2nd period - Stopped by Pekka Rinne without a rebound.
14:19 of 2nd period - Bo Horvat wins face-off versus Nicklas Backstrom in Predators zone.
14:19 of 2nd period - Jannik Hansen is hit by Zach Bogosian and loses puck.
14:32 of 2nd period - Icing by Brian Campbell.
14:33 of 2nd period - Vincent Trocheck wins face-off versus Bo Horvat in Oilers zone.
14:40 of 2nd period - Shot by Jaden Schwartz.
14:40 of 2nd period - Deflect By Vincent Trocheck.
14:40 of 2nd period - Shot Misses the Net.
14:42 of 2nd period - Shot by Jaden Schwartz.
14:42 of 2nd period - Stopped by Martin Jones without a rebound.
14:43 of 2nd period - Nicklas Backstrom wins face-off versus Aleksander Barkov in Oilers zone.
14:48 of 2nd period - Shot by Vladislav Namestnikov.
14:48 of 2nd period - Stopped by Martin Jones without a rebound.
14:49 of 2nd period - Aleksander Barkov wins face-off versus Nicklas Backstrom in Oilers zone.
15:10 of 2nd period - Shot by Steven Stamkos.
15:10 of 2nd period - Shot Misses the Net.
15:26 of 2nd period - Shot by Steven Stamkos.
15:26 of 2nd period - Deflect By Vladislav Namestnikov.
15:26 of 2nd period - Shot Misses the Net.
15:53 of 2nd period - Bo Horvat is hit by Zbynek Michalek.
16:07 of 2nd period - Shot by Derick Brassard.
16:07 of 2nd period - Stopped by Martin Jones without a rebound.
16:08 of 2nd period - Jay Beagle wins face-off versus Vincent Trocheck in Oilers zone.
16:38 of 2nd period - Shot by Matt Read.
16:38 of 2nd period - Stopped by Pekka Rinne without a rebound.
16:39 of 2nd period - Bo Horvat wins face-off versus Nicklas Backstrom in Predators zone.
16:40 of 2nd period - Shot by Jannik Hansen.
16:40 of 2nd period - Deflect By Bo Horvat.
16:40 of 2nd period - Shot Blocked by Jordie Benn.
16:49 of 2nd period - Icing by Nicklas Grossmann.
16:50 of 2nd period - Max Pacioretty wins face-off versus Bo Horvat in Oilers zone.
17:01 of 2nd period - Roman Josi is hit by Bo Horvat.
17:09 of 2nd period - Shot by Bo Horvat.
17:09 of 2nd period - Shot Hit the Post.
19:14 of 2nd period - Jannik Hansen is hit by Derick Brassard and loses puck.
19:18 of 2nd period - Mattias Ekholm is hit by Max Pacioretty and loses puck.
19:46 of 2nd period - Alex Petrovic is hit by Kevin Hayes and loses puck.
Goals for this period are 0 for Oilers vs 0 for Predators.
Shots for this period are 10 for Oilers vs 11 for Predators.

3rd period


0:01 of 3rd period - Brad Marchand wins face-off versus Nicklas Backstrom in neutral zone.
0:11 of 3rd period - Shot by Brad Marchand.
0:11 of 3rd period - Deflect By Aleksander Barkov.
0:11 of 3rd period - Stopped by Pekka Rinne without a rebound.
0:12 of 3rd period - Bo Horvat wins face-off versus Vincent Trocheck in Predators zone.
0:17 of 3rd period - Shot by Jannik Hansen.
0:17 of 3rd period - Shot Misses the Net.
0:41 of 3rd period - Shot by Vincent Trocheck.
0:41 of 3rd period - Shot Blocked by Jannik Hansen.
1:10 of 3rd period - Icing by John Moore.
1:11 of 3rd period - Aleksander Barkov wins face-off versus Nicklas Backstrom in Predators zone.
1:17 of 3rd period - Icing by John Moore.
1:18 of 3rd period - Nicklas Backstrom wins face-off versus Aleksander Barkov in Predators zone.
1:20 of 3rd period - Vladislav Namestnikov is hit by Brad Marchand and loses puck.
1:25 of 3rd period - Shot by Vladislav Namestnikov.
1:25 of 3rd period - Stopped by Martin Jones without a rebound.
1:25 of 3rd period - Minor Penalty to Martin Jones for Slashing.
1:26 of 3rd period - Dominic Moore wins face-off versus Vincent Trocheck in Oilers zone.
1:51 of 3rd period - Shot by Nicklas Backstrom.
1:51 of 3rd period - Goal by Nicklas Backstrom - Oilers : 1 - Predators : 1.
1:52 of 3rd period - Aleksander Barkov wins face-off versus Joe Colborne in neutral zone.
1:52 of 3rd period - Brad Marchand is hit by J.T. Miller and loses puck.
2:01 of 3rd period - Shot by Steven Stamkos.
2:01 of 3rd period - Stopped by Martin Jones with a rebound.
2:03 of 3rd period - Shot by J.T. Miller.
2:03 of 3rd period - Deflect By Steven Stamkos.
2:03 of 3rd period - Stopped by Martin Jones without a rebound.
2:04 of 3rd period - Jay Beagle wins face-off versus Max Pacioretty in Oilers zone.
2:48 of 3rd period - Icing by Jordie Benn.
2:49 of 3rd period - Aleksander Barkov wins face-off versus Max Pacioretty in Predators zone.
3:03 of 3rd period - Icing by Kevin Hayes.
3:04 of 3rd period - Max Pacioretty wins face-off versus Bo Horvat in Predators zone.
3:16 of 3rd period - Shot by Bo Horvat.
3:16 of 3rd period - Stopped by Pekka Rinne without a rebound.
3:17 of 3rd period - Aleksander Barkov wins face-off versus Steven Stamkos in Predators zone.
3:17 of 3rd period - Aleksander Barkov is hit by Klas Dahlbeck.
3:27 of 3rd period - Shot by Blake Wheeler.
3:27 of 3rd period - Stopped by Pekka Rinne without a rebound.
3:28 of 3rd period - Michael Grabner wins face-off versus Vincent Trocheck in Predators zone.
3:40 of 3rd period - Off-side.
3:41 of 3rd period - Aleksander Barkov wins face-off versus Nicklas Backstrom in neutral zone.
3:48 of 3rd period - Shot by Blake Wheeler.
3:48 of 3rd period - Shot Blocked by Klas Dahlbeck.
4:45 of 3rd period - Minor Penalty to Joe Colborne for Diving.
4:46 of 3rd period - Bo Horvat wins face-off versus Steven Stamkos in Predators zone.
4:51 of 3rd period - Shot by Jannik Hansen.
4:51 of 3rd period - Deflect By Bo Horvat.
4:51 of 3rd period - Stopped by Pekka Rinne without a rebound.
4:52 of 3rd period - Bo Horvat wins face-off versus Steven Stamkos in Predators zone.
5:01 of 3rd period - Shot by Jannik Hansen.
5:01 of 3rd period - Shot Blocked by Jordie Benn.
5:03 of 3rd period - Shot by Marc-Edouard Vlasic.
5:03 of 3rd period - Stopped by Pekka Rinne without a rebound.
5:04 of 3rd period - Steven Stamkos wins face-off versus Aleksander Barkov in Predators zone.
5:17 of 3rd period - Jaden Schwartz is hit by Blake Wheeler and loses puck.
5:36 of 3rd period - Shot by Alex Petrovic.
5:36 of 3rd period - Shot Misses the Net.
6:32 of 3rd period - Shot by Jannik Hansen.
6:32 of 3rd period - Stopped by Pekka Rinne without a rebound.
6:33 of 3rd period - Aleksander Barkov wins face-off versus J.T. Miller in Predators zone.
6:48 of 3rd period - Roman Josi is hit by Jay Beagle and loses puck.
7:15 of 3rd period - Shot by Matt Read.
7:15 of 3rd period - Deflect By Jay Beagle.
7:15 of 3rd period - Shot Misses the Net.
7:17 of 3rd period - Shot by Jay Beagle.
7:17 of 3rd period - Shot Misses the Net.
8:03 of 3rd period - Shot by Jaden Schwartz.
8:03 of 3rd period - Stopped by Martin Jones without a rebound.
8:04 of 3rd period - Aleksander Barkov wins face-off versus Nicklas Backstrom in Oilers zone.
8:04 of 3rd period - Brad Marchand is hit by Steven Stamkos and loses puck.
8:21 of 3rd period - Shot by Brad Marchand.
8:21 of 3rd period - Shot Misses the Net.
8:23 of 3rd period - Shot by Nicklas Grossmann.
8:23 of 3rd period - Shot Blocked by Klas Dahlbeck.
8:25 of 3rd period - Shot by Brad Marchand.
8:25 of 3rd period - Shot Misses the Net.
9:19 of 3rd period - Minor Penalty to Jordie Benn for Roughing.
9:20 of 3rd period - Aleksander Barkov wins face-off versus Steven Stamkos in Predators zone.
9:23 of 3rd period - Shot by Brad Marchand.
9:23 of 3rd period - Shot Blocked by Jaden Schwartz.
9:35 of 3rd period - Shot by Aleksander Barkov.
9:35 of 3rd period - Shot Misses the Net.
9:48 of 3rd period - Shot by Blake Wheeler.
9:48 of 3rd period - Stopped by Pekka Rinne with a rebound.
9:50 of 3rd period - Shot by Alex Petrovic.
9:50 of 3rd period - Goal by Alex Petrovic - Oilers : 2 - Predators : 1.
9:51 of 3rd period - Bo Horvat wins face-off versus Max Pacioretty in neutral zone.
10:10 of 3rd period - Shot by Max Pacioretty.
10:10 of 3rd period - Stopped by Martin Jones without a rebound.
10:11 of 3rd period - Vincent Trocheck wins face-off versus Jay Beagle in Oilers zone.
10:11 of 3rd period - Vincent Trocheck is hit by Nicklas Grossmann.
10:17 of 3rd period - Shot by Vincent Trocheck.
10:17 of 3rd period - Stopped by Martin Jones without a rebound.
10:18 of 3rd period - Bo Horvat wins face-off versus Nicklas Backstrom in Oilers zone.
10:34 of 3rd period - Minor Penalty to Roman Josi for Holding Stick.
10:35 of 3rd period - Aleksander Barkov wins face-off versus Steven Stamkos in Predators zone.
11:09 of 3rd period - Shot by Brad Marchand.
11:09 of 3rd period - Stopped by Pekka Rinne with a rebound.
11:11 of 3rd period - Shot by Brad Marchand.
11:11 of 3rd period - Stopped by Pekka Rinne without a rebound.
11:12 of 3rd period - Bo Horvat wins face-off versus Vladislav Namestnikov in Predators zone.
11:25 of 3rd period - Shot by Jannik Hansen.
11:25 of 3rd period - Stopped by Pekka Rinne without a rebound.
11:25 of 3rd period - Minor Penalty to Jordie Benn for Hooking.
11:26 of 3rd period - Vincent Trocheck wins face-off versus Bo Horvat in Predators zone.
11:48 of 3rd period - Shot by Vincent Trocheck.
11:48 of 3rd period - Stopped by Martin Jones without a rebound.
11:49 of 3rd period - Aleksander Barkov wins face-off versus Vincent Trocheck in Oilers zone.
11:53 of 3rd period - Off-side.
11:54 of 3rd period - Vincent Trocheck wins face-off versus Aleksander Barkov in neutral zone.
11:59 of 3rd period - Icing by Mattias Ekholm.
12:00 of 3rd period - Aleksander Barkov wins face-off versus Vincent Trocheck in Oilers zone.
12:09 of 3rd period - Shot by Mattias Ekholm.
12:09 of 3rd period - Deflect By Aleksander Barkov.
12:09 of 3rd period - Stopped by Pekka Rinne without a rebound.
12:10 of 3rd period - Vincent Trocheck wins face-off versus Aleksander Barkov in Predators zone.
13:18 of 3rd period - Shot by Bo Horvat.
13:18 of 3rd period - Deflect By Jannik Hansen.
13:18 of 3rd period - Shot Misses the Net.
13:20 of 3rd period - Shot by Justin Williams.
13:20 of 3rd period - Goal by Justin Williams - Oilers : 3 - Predators : 1.
13:21 of 3rd period - Max Pacioretty wins face-off versus Jay Beagle in neutral zone.
13:36 of 3rd period - Shot by Derick Brassard.
13:36 of 3rd period - Stopped by Martin Jones without a rebound.
13:37 of 3rd period - Nicklas Backstrom wins face-off versus Bo Horvat in Oilers zone.
14:39 of 3rd period - Off-side.
14:40 of 3rd period - Vincent Trocheck wins face-off versus Jay Beagle in neutral zone.
14:46 of 3rd period - Joe Colborne is hit by Alex Petrovic and loses puck.
14:59 of 3rd period - Shot by Justin Williams.
14:59 of 3rd period - Deflect By Matt Read.
14:59 of 3rd period - Goal by Matt Read - Oilers : 4 - Predators : 1.
15:00 of 3rd period - Aleksander Barkov wins face-off versus Max Pacioretty in neutral zone.
15:23 of 3rd period - Shot by Blake Wheeler.
15:23 of 3rd period - Shot Misses the Net.
15:41 of 3rd period - Shot by Kevin Hayes.
15:41 of 3rd period - Stopped by Martin Jones without a rebound.
15:42 of 3rd period - Bo Horvat wins face-off versus Vincent Trocheck in Oilers zone.
15:47 of 3rd period - Shot by Jannik Hansen.
15:47 of 3rd period - Shot Misses the Net.
15:54 of 3rd period - Icing by Roman Josi.
15:55 of 3rd period - Vincent Trocheck wins face-off versus Jay Beagle in Predators zone.
16:02 of 3rd period - Vincent Trocheck is hit by Marc-Edouard Vlasic and loses puck.
16:26 of 3rd period - Icing by Marc-Edouard Vlasic.
16:27 of 3rd period - Nicklas Backstrom wins face-off versus Jay Beagle in Oilers zone.
16:36 of 3rd period - Shot by Steven Stamkos.
16:36 of 3rd period - Shot Blocked by Marc-Edouard Vlasic.
16:43 of 3rd period - Off-side.
16:44 of 3rd period - Max Pacioretty wins face-off versus Aleksander Barkov in neutral zone.
16:59 of 3rd period - Shot by Kevin Hayes.
16:59 of 3rd period - Stopped by Martin Jones without a rebound.
17:00 of 3rd period - Bo Horvat wins face-off versus Nicklas Backstrom in Oilers zone.
17:00 of 3rd period - Bo Horvat is hit by Nicklas Backstrom.
17:42 of 3rd period - Shot by Vladislav Namestnikov.
17:42 of 3rd period - Stopped by Martin Jones without a rebound.
17:43 of 3rd period - Vincent Trocheck wins face-off versus Aleksander Barkov in Oilers zone.
17:44 of 3rd period - Shot by Jaden Schwartz.
17:44 of 3rd period - Shot Misses the Net.
17:52 of 3rd period - Roman Josi is hit by Brad Marchand.
18:01 of 3rd period - Icing by Zbynek Michalek.
18:02 of 3rd period - Justin Williams wins face-off versus Vincent Trocheck in Predators zone.
18:05 of 3rd period - Shot by Jay Beagle.
18:05 of 3rd period - Shot Misses the Net.
18:22 of 3rd period - Icing by Mattias Ekholm.
18:23 of 3rd period - Jay Beagle wins face-off versus Nicklas Backstrom in Oilers zone.
18:32 of 3rd period - Shot by Matt Read.
18:32 of 3rd period - Goal by Matt Read - Oilers : 5 - Predators : 1.
18:33 of 3rd period - Nicklas Backstrom wins face-off versus Aleksander Barkov in neutral zone.
18:48 of 3rd period - Shot by Brad Marchand.
18:48 of 3rd period - Stopped by Pekka Rinne with a rebound.
18:54 of 3rd period - Shot by Aleksander Barkov.
18:54 of 3rd period - Stopped by Pekka Rinne without a rebound.
18:55 of 3rd period - Vincent Trocheck wins face-off versus Bo Horvat in Predators zone.
19:11 of 3rd period - Jaden Schwartz is hit by Nicklas Grossmann.
Goals for this period are 4 for Oilers vs 1 for Predators.
Shots for this period are 17 for Oilers vs 12 for Predators.